 Dungeon Crawl Stone Soup version 0.31-a0-331-geda263fcf1 (webtiles) character file.

Game seed: 6950372609749322865

49 cforsyth the Digger (level 3, -1/24 HPs)
             Began as a Vampire Earth Elementalist on July 20, 2023.
             Slain by Robin
             ... wielding a +0 falchion
              (6 damage)
             ... on level 2 of the Dungeon.
             The game lasted 00:01:40 (2019 turns).

cforsyth the Digger (Vampire Earth Elementalist)    Turns: 2019, Time: 00:01:40

Health: -1/24      AC:  2    Str:  7    XL:     3   Next: 53%
Magic:  1/7        EV: 12    Int: 19    God:
Gold:   101        SH:  0    Dex: 14    Spells: 6/7 levels left

rFire   . . .        (no weapon)
rCold   . . .        (no shield)
rNeg    . . .        a - +0 robe
rPois   .            (no helmet)
rElec   .            (no cloak)
rCorr   .            (no gloves)
SInv    +            (no boots)
Will    +....        (no amulet)
Stlth   ++           (no ring)
HPRegen 0.44/turn    (no ring)
MPRegen 0.10/turn

%: no passive effects
@: enlightened, flying, healing quickly
A: alive, fangs 3, see invisible, vampiric 2
a: Exsanguinate


You were on level 2 of the Dungeon.
You visited 1 branch of the dungeon, and saw 3 of its levels.

You collected 101 gold pieces.

Inventory:

Armour
 a - a +0 robe (worn)
Jewellery
 f - a +4 ring of protection
Scrolls
 d - a scroll of identify {unknown}
 e - a scroll of enchant weapon {unknown}
 g - 2 scrolls of teleportation {unknown}
 h - a scroll of amnesia {unknown}
Potions
 b - a potion of magic
 c - a potion of enlightenment


   Skills:
 - Level 2.1 Dodging
 - Level 3.0 Stealth
 + Level 2.8 Spellcasting
 - Level 1.5 Transmutations
 + Level 3.8 Earth Magic


You had 6 spell levels left.
You knew the following spells:

 Your Spells              Type           Power      Damage    Failure   Level
a - Sandblast             Erth           34%        2d9       3%          1

Your spell library contained the following spells:

 Spells                   Type           Power      Damage    Failure   Level
 Passwall                 Tmut/Erth      10%        N/A       8%          2
 Summon Small Mammal      Summ           8%         N/A       16%         1
 Stone Arrow              Conj/Erth      18%        3d8       22%         3
 Call Canine Familiar     Summ           2%         N/A       43%         3
 Summon Guardian Golem    Hex/Summ       2%         N/A       43%         3
 Petrify                  Tmut/Erth      12%        N/A       45%         4


Dungeon Overview and Level Annotations

Branches:
Dungeon (3/15)

Altars:

Shops:
D:2 :

Annotations:
D:2 Robin
D:3 1 runed translucent door, Crazy Yiuf


Innate Abilities, Weirdness & Mutations

Your natural rate of healing is accelerated.
You have razor-sharp teeth.
You have supernaturally acute eyesight. (SInv)
You are afflicted with vampirism and can become a bat while bloodless.


Message History

Casting: Sandblast (safe; 3% risk of failure)
Confirm with . or Enter, or press ? or * to list all spells.
Aiming: Sandblast (safe; 3% risk of failure)
Press: ? - help, Shift-Dir - straight line, f - Robin
Aim: Robin, wielding a +0 falchion, wearing a +0 animal skin and wearing a +0 helmet (87% to hit)
The blast of sand hits Robin but does no damage.
Robin barely misses you. Robin hits you with a +0 falchion.
Casting: Sandblast (safe; 3% risk of failure)
Confirm with . or Enter, or press ? or * to list all spells.
Aiming: Sandblast (safe; 3% risk of failure)
Press: ? - help, Shift-Dir - straight line, f/p - Robin
Aim: Robin, wielding a +0 falchion, wearing a +0 animal skin and wearing a +0 helmet (87% to hit)
The blast of sand hits Robin but does no damage.
Robin hits you with a +0 falchion.
* * * LOW HITPOINT WARNING * * *
Casting: Sandblast (safe; 3% risk of failure)
Confirm with . or Enter, or press ? or * to list all spells.
Aiming: Sandblast (safe; 3% risk of failure)
Press: ? - help, Shift-Dir - straight line, f/p - Robin
Aim: Robin, wielding a +0 falchion, wearing a +0 animal skin and wearing a +0 helmet (87% to hit)
The blast of sand hits Robin.
Robin is lightly wounded.
Robin says, "My goblins will feast on your bones."
Robin misses you. Robin barely misses you.
Casting: Sandblast (safe; 3% risk of failure)
Confirm with . or Enter, or press ? or * to list all spells.
Aiming: Sandblast (safe; 3% risk of failure)
Press: ? - help, Shift-Dir - straight line, f/p - Robin
Aim: Robin, wielding a +0 falchion, wearing a +0 animal skin and wearing a +0 helmet (lightly wounded, 87% to hit)
The blast of sand hits Robin.
Robin is lightly wounded.
Robin barely misses you.
Unknown command.
Casting: Sandblast (safe; 3% risk of failure)
Confirm with . or Enter, or press ? or * to list all spells.
Okay, then.
It was a potion of enlightenment.
You feel very buoyant.
You fly up into the air.
Robin hits you with a +0 falchion.
You die...

#.# ########'### #.# #..........#
#.## #..........# #..###
#..........# ##...#
#..........##### ###.#
#..........#..(. #.###
#...............
###########...####...............
...............g@†...............
##################...............
########.#...... #.#......
#.####### #.#
####################### #.#
#.....................# #.#
#.###################.# #.#


You could see Robin.

Vanquished Creatures
  An adder (D:2)
  A dart slug (D:1)
  A ball python (D:1)
  2 endoplasms
  A giant cockroach (D:1)
  6 goblins
  8 hobgoblins
  2 kobolds (D:1)
  4 quokkas
  A bat (D:1)
  2 frilled lizards
  4 rats
33 creatures vanquished.

Notes
Turn   | Place    | Note
-------+----------+-------------------------------------------
     0 | D:1      | cforsyth the Vampire Earth Elementalist began the quest for
                  | the Orb.
     0 | D:1      | Reached XP level 1. HP: 13/13 MP: 3/3
   359 | D:1      | Reached XP level 2. HP: 19/19 MP: 3/5
  1141 | D:2      | Found Sihen's Book Emporium.
  1148 | D:2      | Gained mutation: You are afflicted with vampirism and can
                  | become a bat while bloodless. [Vampire growth]
  1148 | D:2      | Reached XP level 3. HP: 13/24 MP: 0/6
  1912 | D:3      | Found a runed translucent door.
  1913 | D:3      | Noticed Crazy Yiuf
  1937 | D:3      | Noticed Robin
  2019 | D:2      | Slain by Robin

Illustrated notes

Levels and vault maps discovered:
D:1:      shiori_arrival_oz, layout_loops_corners
D:2:      layout_basic, serial_shops, shop
D:3:      layout_basic, uniq_grinder, uniq_robin, uniq_crazy_yiuf_cottage

Action                     || total
---------------------------++-------
  Melee: Unarmed           ||     5
         Bite              ||     1
   Cast: Sandblast         ||    53
    Use: Potion            ||     1
 Armour: Robe              ||     4
  Dodge: Dodged            ||    20

Table legend: (Time is in decaauts)
 A = Elapsed time spent in this place.
 B = Non-inter-level travel time spent in this place.
 C = Inter-level travel time spent in this place.
 D = Time resting spent in this place.
 E = Time spent auto-exploring this place.
 F = Levels seen in this place.
 G = Mean time per level.
                   A        B        C        D        E       F      G
               +--------+--------+--------+--------+--------+-----+--------+
         Total |   2047 |   1957 |     90 |     49 |   1711 |   3 |  682.3 |
       Dungeon |   2047 |   1957 |     90 |     49 |   1711 |   3 |  682.3 |
               +--------+--------+--------+--------+--------+-----+--------+

Top non-repeatable levels by time:
     D:2: 1028 daAuts
     D:1: 962 daAuts
     D:3: 56 daAuts
